 Dungeon Crawl Stone Soup version 0.27.1-33-g824d729ab1 (webtiles) character file.

Game seed: 9086147874814145299

1288 zeram the Covert (level 8, 0/38 (44) HPs)
             Began as a Kobold Brigand on Dec 16, 2021.
             Slain by a wight (3 damage)
             ... on level 5 of the Dungeon.
             The game lasted 00:07:09 (5153 turns).

zeram the Covert (Kobold Brigand)                   Turns: 5153, Time: 00:07:09

HP:   0/38 (44)     AC:  5    Str: 10    XL:     8   Next: 85%
MP:   8/8           EV: 16    Int: 15    God:
Gold: 268           SH:  5    Dex: 16    Spells: 7/7 levels left

rFire    . . .     SeeInvis .   a - +6 dagger (vorpal)
rCold    + . .     Faith    .   (shield restricted)
rNeg     . . .     Spirit   .   b - +0 robe
rPois    +         Reflect  +   (no helmet)
rElec    .         Harm     .   c - +0 cloak
rCorr    .         Rampage  .   g - +1 pair of gloves
Will     .....                  (no boots)
Stlth    ++++++....             f - amulet "Ilidwo Nouj" {Reflect Str+2 Slay+2 SH+5}
HPRegen  0.12/turn              k - ring of poison resistance
MPRegen  0.11/turn              o - ring of protection from cold

@: studying Stealth, heavily drained
A: small, no large weapons, nightstalker 3
a: no special abilities


You were on level 5 of the Dungeon.
You visited 1 branch of the dungeon, and saw 5 of its levels.

You collected 268 gold pieces.

Inventory:

Hand Weapons
 a - a +6 vorpal dagger (weapon)
Missiles
 d - 38 poisoned darts (quivered)
 e - 2 curare-tipped darts
 j - a throwing net
Armour
 b - a +0 robe (worn)
 c - a +0 cloak (worn)
 g - a +1 pair of gloves (worn)
Jewellery
 f - the amulet "Ilidwo Nouj" (around neck) {Reflect Str+2 Slay+2 SH+5}
   (You acquired it on level 2 of the Dungeon)

   [amulet of reflection]

   It reflects blocked missile attacks.
   Str:       It affects your strength (+2).
   Slay:      It affects your accuracy & damage with ranged weapons and melee
   (+2).
   SH:        It affects your SH (+5).
 k - a ring of poison resistance (left hand)
 n - a ring of wizardry
 o - a ring of protection from cold (right hand)
Wands
 s - a wand of polymorph (8)
Scrolls
 l - a scroll of fog
 p - a scroll of enchant weapon
Potions
 h - a potion of resistance {unknown}
 i - a potion of attraction {unknown}
 m - a potion of berserk rage {unknown}
 q - a potion of curing {unknown}


   Skills:
 - Level 2.1 Fighting
 + Level 6.8 Short Blades
 - Level 2.1 Throwing
 + Level 4.6 Dodging
 + Level 13.5 Stealth


You had 7 spell levels left.
You didn't know any spells.
Your spell library contained the following spells:

 Spells                   Type           Power      Damage    Failure   Level
 Summon Small Mammal      Summ           0%         N/A       26%         1
 Static Discharge         Conj/Air       0%         N/A       38%         2
 Call Canine Familiar     Summ           0%         N/A       63%         3
 Summon Guardian Golem    Hex/Summ       0%         N/A       63%         3
 Dispel Undead            Necr           0%         3d6       95%         4
 Sticky Flame             Conj/Fire      0%         2d3       95%         4


Dungeon Overview and Level Annotations

Branches:
Dungeon (5/15)
 Temple: D:4-7

Altars:
Fedhas
Makhleb

Annotations:
D:5 1 runed translucent door


Innate Abilities, Weirdness & Mutations

You are small and have problems with some larger weapons.
You are completely attuned to the shadows.


Message History

a +2 morningstar; 20 stones; a +2 chain mail of positive energy You start resting.
HP restored.
Found a scroll of enchant weapon.
Found 17 gold pieces.
p - a scroll of enchant weapon You now have 268 gold pieces (gained 17).
You see here 14 stones.
Things that are here:
a +0 robe; a +0 scimitar A wight is nearby!
A wight is nearby!
A wight is nearby!
A wight is nearby!
The wight hits you with a +4 great sword of freezing!
You feel drained. The wight freezes you.
You hit the wight.
The wight is moderately damaged.
You hit the wight.
The wight is severely damaged.
The wight misses you.
You hit the wight.
The wight is almost destroyed.
The wight hits you with a +4 great sword of freezing!
You feel drained. The wight freezes you.
You are too injured to fight recklessly!
You are too injured to fight recklessly!
You are too injured to fight recklessly!
You are too injured to fight recklessly!
You closely miss the wight.
The wight is almost destroyed.
You hit the wight but do no damage.
The wight is almost destroyed.
The wight barely misses you.
You hit the wight but do no damage.
The wight is almost destroyed.
The wight hits you with a +4 great sword of freezing!
* * * LOW HITPOINT WARNING * * *
You feel drained.
You die...

#.)........#.###
....#.
#####.........(#...#
##
#..)...........###.#
#..............###.#
#._.#..........#...#
#...รท....(.....#.###
##..####.......#[#
#.#############.####.
#..z.....(...).@.....
############...z.....
##..........
#...........
#.>.........
#.........<. ##
#........... #.
##.......... #.
###...#.... #.


You could see a wight.

Vanquished Creatures
  Prince Ribbit (D:4)
  Eustachio (D:4)
  A necrophage (D:4)
  An ice beast (D:5)
  2 ogres (D:5)
  A scorpion (D:5)
  3 wights (D:5)
  A bullfrog zombie (D:5)
  3 jellies (D:5)
  2 orc priests
  An iguana (D:5)
  2 orc wizards (D:3)
  2 hound skeletons (D:4)
  A gnoll (D:1)
  4 adders
  An ufetubus (D:4)
  5 worms
  4 dart slugs
  13 orcs
  4 bats
  10 endoplasms
  A giant cockroach (D:4)
  6 hobgoblins
  2 quokkas
  5 ball pythons
  3 frilled lizards
  5 goblins
  7 kobolds
  3 rats
95 creatures vanquished.

Vanquished Creatures (others)
  2 plants (D:2)
2 creatures vanquished.

Grand Total: 97 creatures vanquished

Notes
Turn   | Place    | Note
-------+----------+-------------------------------------------
     0 | D:1      | zeram the Kobold Brigand began the quest for the Orb.
     0 | D:1      | Reached XP level 1. HP: 12/12 MP: 1/1
   185 | D:1      | Reached XP level 2. HP: 17/17 MP: 2/2
   254 | D:1      | Reached skill level 6 in Stealth
   373 | D:1      | Reached XP level 3. HP: 21/21 MP: 3/3
   588 | D:1      | Found a faded altar of an unknown god.
  1478 | D:2      | Reached skill level 7 in Stealth
  1489 | D:2      | Reached XP level 4. HP: 26/26 MP: 4/4
  1544 | D:2      | Identified a scroll of acquirement
  1544 | D:2      | Acquired the amulet "Ilidwo Nouj" {Reflect Str+2 Slay+2
                  | SH+5}
  1930 | D:3      | Found a blossoming altar of Fedhas.
  2288 | D:3      | Reached skill level 8 in Stealth
  2288 | D:3      | Reached XP level 5. HP: 30/30 MP: 5/5
  2770 | D:4      | Noticed Eustachio
  2780 | D:4      | Reached skill level 9 in Stealth
  2792 | D:4      | Killed Eustachio
  2793 | D:4      | Reached XP level 6. HP: 21/35 MP: 6/6
  3025 | D:4      | Noticed a necrophage
  3032 | D:4      | Killed a necrophage
  3033 | D:4      | Reached skill level 10 in Stealth
  3033 | D:4      | Reached XP level 7. HP: 36/40 MP: 7/7
  3513 | D:5      | Entered Level 5 of the Dungeon
  3541 | D:5      | Found a runed translucent door.
  3566 | D:5      | Noticed Prince Ribbit
  4428 | D:5      | Acquired a manual of Stealth
  4549 | D:5      | Reached skill level 11 in Stealth
  4571 | D:5      | Reached skill level 5 in Short Blades
  4582 | D:5      | Reached XP level 8. HP: 29/44 MP: 8/8
  4639 | D:4      | Killed Prince Ribbit
  4640 | D:4      | Reached skill level 12 in Stealth
  4770 | D:5      | Found a burning altar of Makhleb.
  4796 | D:5      | Reached skill level 13 in Stealth
  5153 | D:5      | Slain by a wight

Illustrated notes

Levels and vault maps discovered:
D:1:      heliophobic_arrival_glass_houses, layout_loops_ring,
          hellmonk_ecumenical_altar_lost_god, serial_forest,
          infiniplex_forest_clump_curved, infiniplex_forest_clump_small,
          infiniplex_forest_clump_small, infiniplex_forest_lined_1,
          infiniplex_forest_corner_2, infiniplex_forest_clump_cross,
          hangedman_abyss_or_decor_stabs, minmay_misc_feat_five
D:2:      layout_basic, serial_forest, infiniplex_forest_clump_C,
          infiniplex_forest_lined_room_, infiniplex_forest_straight_4,
          infiniplex_forest_corner_2, infiniplex_forest_zigzag_1,
          infiniplex_forest_clump_double, infiniplex_forest_straight_4,
          grunt_ministairs_5
D:3:      layout_loops_ring, fedhas_altar_1
D:4:      layout_loops_cross, hangedman_feature_mirror, uniq_eustachio
D:5:      layout_basic, bloody_makhleb, ebering_ghost_reflecting_pool,
          uniq_prince_ribbit1

Skill      XL: |  1  2  3  4  5  6  7  8 |
---------------+-------------------------+-----
Stealth        | 6 7 8 9 10 11 13 | 13.5
Short Blades   | 3 4 5 6 |  6.8
Dodging        | 2 3 4 |  4.6
Fighting       | |  2.1
Throwing       | |  2.1

Action                   |  1- 3 |  4- 6 |  7- 9 || total
-------------------------+-------+-------+-------++-------
Melee: Dagger            |    52 |    74 |   108 ||   234
Throw: Dart              |       |       |     6 ||     6
  Use: Scroll            |     4 |     7 |     4 ||    15
       Potion            |       |       |     2 ||     2
 Stab: Sleeping          |    21 |    16 |    14 ||    51
Armor: Robe              |     2 |     8 |     6 ||    16
Dodge: Dodged            |    16 |    30 |    41 ||    87
Block: Other             |       |    18 |    15 ||    33
       Reflection        |       |     1 |       ||     1
